 Dungeon Crawl Stone Soup version 0.24-a0-368-g0e0cebd0f3 (webtiles) character file.

Game seed: 820403927939183746

15 MachJacob the Firebug (level 2, 0/19 HPs)
             Began as a Demonspawn Fire Elementalist on May 29, 2019.
             Slain by a gnoll
             ... wielding a +0 spear
              (9 damage)
             ... on level 1 of the Dungeon.
             The game lasted 00:02:38 (643 turns).

MachJacob the Firebug (Demonspawn Fire Elementalist) Turns: 643, Time: 00:02:38

Health: 0/19       AC:  2    Str:  8    XL:     2   Next: 34%
Magic:  1/5        EV: 12    Int: 16    God:
Gold:   61         SH:  0    Dex: 13    Spells: 2/5 levels left

rFire    + . .     SeeInvis .   (no weapon)
rCold    + . .     Gourm    .   (no shield)
rNeg     . . .     Faith    .   a - +0 robe
rPois    .         Spirit   .   (no helmet)
rElec    .         Reflect  .   b - scarf {rC+ rF+}
rCorr    .         Harm     .   (no gloves)
MR       .....                  (no boots)
Stlth    +++.......             (no amulet)
HPRegen  0.06/turn              (no ring)
MPRegen  0.09/turn              (no ring)

@: very slightly contaminated
A: nightstalker 1
a: no special abilities


You were on level 1 of the Dungeon.
You were not hungry.

You visited 1 branch of the dungeon, and saw 1 of its levels.

You collected 61 gold pieces.

Inventory:

Missiles
 d - 44 stones (quivered)
Armour
 a - a +0 robe (worn)
 b - a scarf of resistance (worn)
Scrolls
 g - a scroll of teleportation {unknown}
Potions
 e - a potion of might {unknown}
 h - 2 potions of heal wounds {unknown}
 i - a potion of brilliance {unknown}
Comestibles
 c - a ration
 f - 3 chunks of flesh


   Skills:
 + Level 1.9 Dodging
 - Level 1.7 Stealth
 + Level 2.1 Spellcasting
 * Level 1.6 Conjurations
 * Level 3.0 Fire Magic


You had 2 spell levels left.
You knew the following spells:

 Your Spells              Type           Power        Failure   Level  Hunger
a - Flame Tongue          Conj/Fire      #....        8%          1    #......
b - Throw Flame           Conj/Fire      #.....       12%         2    ###....

Your spell library contained the following spells:

 Spells                   Type           Power        Failure   Level  Hunger
 Conjure Flame            Conj/Fire      #.......     24%         3    ###....
 Inner Flame              Hex/Fire       #.......     32%         3    ###....
 Sticky Flame             Conj/Fire      #.......     61%         4    #####..
 Fireball                 Conj/Fire      #.........   91%         5    ######.


Dungeon Overview and Level Annotations

Branches:
Dungeon (1/15)

Altars:


Innate Abilities, Weirdness & Mutations

You are slightly more attuned to the shadows.


Message History

Ouch! That really hurt!
Casting: Flame Tongue (safe; 8% risk of failure)
Confirm with . or Enter, or press ? or * to list all spells.
Aiming: Flame Tongue (safe; 8% risk of failure)
Press: ? - help, Shift-Dir - straight line, f/p - gnoll
Aim: a gnoll, wielding a +0 spear (moderately wounded)
The flame tongue hits the gnoll!
The gnoll is almost dead.
A kobold comes into view.
The gnoll hits you from afar with a +0 spear.
A goblin comes into view.
The gnoll closely misses you.
Casting: Flame Tongue (safe; 8% risk of failure)
Confirm with . or Enter, or press ? or * to list all spells.
Aiming: Flame Tongue (safe; 8% risk of failure)
Press: ? - help, Shift-Dir - straight line, f/p - gnoll
Aim: a gnoll, wielding a +0 spear (almost dead)
The flame tongue misses the gnoll.
The gnoll hits you from afar with a +0 spear!
You die...

#.#....# #.. #....
#[#....#######.. #....
#.'............. #....##
###....#####.... #.....#
#............. #####.(...#
#............. ..........###
#............#
..........รท.##########....>..#'##
..?........K..g.@.........)..+...
..(g......g.....######.......#.##
......##........# #########.#
......##........# #####.##
......##........# #.......
......##........# #.......
###..######+##### #....... #...
#....... #####.##


You could see a gnoll, a goblin (wandering) and a kobold.

Vanquished Creatures
  A dart slug (D:1)
  3 giant cockroaches (D:1)
  A goblin (D:1)
  A ball python (D:1)
  4 bats (D:1)
  A kobold (D:1)
  3 rats (D:1)
14 creatures vanquished.

Notes
Turn   | Place    | Note
-------+----------+-------------------------------------------
     0 | D:1      | MachJacob the Demonspawn Fire Elementalist began the quest
                  | for the Orb.
     0 | D:1      | Reached XP level 1. HP: 13/13 MP: 3/3
   375 | D:1      | Gained mutation: You are slightly more attuned to the
                  | shadows. [demonic ancestry]
   375 | D:1      | Reached XP level 2. HP: 19/19 MP: 0/5
   580 | D:1      | Reached skill level 3 in Fire Magic
   596 | D:1      | Learned a level 2 spell: Throw Flame
   643 | D:1      | Slain by a gnoll

Levels and vault maps discovered:
D:1:      scummos_arrival_gate, layout_basic, minmay_misc_feat_tiny,
          grunt_decor_cap, minmay_cut_off

Skill      XL: |  1  2 |
---------------+-------+-----
Fire Magic     | 3 |  3.0
Dodging        | |  1.9
Stealth        | |  1.7
Spellcasting   | |  2.1
Conjurations   | |  1.6

Action                   || total
-------------------------++-------
 Cast: Flame Tongue      ||    25
Armor: Robe              ||     2
Dodge: Dodged            ||     5

Table legend:
 A = Non-vault XP
 B = Vault XP
 C = Vault XP percentage of total XP
 D = Non-vault monster count
 E = Vault monster count
 F = Vault count percentage of total count
                 A         B        C        D         E       F
            +---------+---------+-------+---------+---------+-------
      Total |      16 |       6 |  27.3 |      12 |       2 |  14.3
            +---------+---------+-------+---------+---------+-------
        D:1 |      16 |       6 |  27.3 |      12 |       2 |  14.3
            +---------+---------+-------+---------+---------+-------
